 Dungeon Crawl Stone Soup version 0.16-a0-3855-gd2600ac (webtiles) character file.

79 HungrySameoo the Sneak (level 4, -1/27 HPs)
             Began as an Octopode Air Elementalist on Jan 31, 2015.
             Slain by an adder (2 damage)
             ... on level 2 of the Dungeon.
             The game lasted 00:06:08 (2521 turns).

HungrySameoo the Sneak (Octopode Air Elementalist)  Turns: 2521, Time: 00:06:09

Health: -1/27      AC:  1    Str:  7    XL:     4   Next: 37%
Magic:  4/8        EV: 12    Int: 18    God:
Gold:   118        SH:  0    Dex: 12    Spells: 3 memorised, 3 levels left

rFire  . . .     SeeInvis .     e - +0 club
rCold  . . .     Clarity  .     (no shield)
rNeg   . . .     SustAb   .     (helmet restricted)
rPois  .         Gourm    .     j - amulet of rage
rElec  .         Spirit   .     a - ring of teleport control
rCorr  .         Warding  .     (no ring)
rMut   .         Stasis   .     (no ring)
MR     .....                    (no ring)
Stlth  ++++......               (no ring)
                                (no ring)
                                (no ring)
                                (no ring)

@: lethally poisoned, not resistant to hostile enchantments, stealthy
A: almost no armour, amphibious, 8 rings, constrict 8, camouflage 1, gelatinous
body 1
a: Evoke Berserk Rage, Evoke Teleport Control


You were on level 2 of the Dungeon.
You were not hungry.

You visited 1 branch of the dungeon, and saw 2 of its levels.

You collected 118 gold pieces.

Inventory:

Hand weapons
 e - a +0 club (weapon)
Jewellery
 a - a ring of teleport control (left tentacle)
 j - an amulet of rage (around mantle)
Scrolls
 g - a scroll of fear {unknown}
 l - a scroll of teleportation {unknown}
 o - a scroll of recharging {unknown}
Potions
 d - a potion of curing {unknown}
 h - a potion of cure mutation
 i - a potion of heal wounds {unknown}
 m - a potion of poison
 n - a potion of magic {unknown}
 p - a potion of agility {unknown}
Books
 b - a book of Air

   Spells                             Type                      Level
   a - Shock                          Conjuration/Air              1
   b - Swiftness                      Charms/Air                   2
   c - Repel Missiles                 Charms/Air                   2
   d - Flight                         Charms/Air                   3
   e - Static Discharge               Conjuration/Air              3
   f - Lightning Bolt                 Conjuration/Air              5
Comestibles
 c - a bread ration
 f - a royal jelly
 k - a meat ration


   Skills:
 - Level 2.0 Dodging
 + Level 3.5 Stealth
 * Level 2.7 Spellcasting
 * Level 2.4 Conjurations
 + Level 3.4 Air Magic


You had 3 spell levels left.
You knew the following spells:

 Your Spells              Type           Power        Failure   Level  Hunger
a - Shock                 Conj/Air       ##..         6%          1    None
b - Repel Missiles        Chrm/Air       #.....       14%         2    ##.....
c - Swiftness             Chrm/Air       #.......     14%         2    ##.....


Dungeon Overview and Level Annotations

Branches:
Dungeon (2/15)

Altars:

Annotations:
D:2 Robin


Innate Abilities, Weirdness & Mutations

You cannot wear most types of armour.
You are amphibious.
You can wear up to eight rings at the same time.
You can use your tentacles to constrict many enemies at once.
Your skin changes colour to match your surroundings (Stealth).
Your rubbery body absorbs attacks (AC +1).


Message History

The adder is heavily wounded.
* * * LOW HITPOINT WARNING * * *
You feel sick. The adder closely misses you.
Unknown command.
Unknown command.
Unknown command.
Unknown command.
Drink which item? (? for menu, Esc to quit)
It was a potion of cure mutation.
It has a very clean taste.
* * * LOW HITPOINT WARNING * * *
You feel sick. The adder bites you.
* * * LOW HITPOINT WARNING * * *
You are more poisoned.
The adder poisons you! The adder misses you.
Drink which item? (? for menu, Esc to quit)
It was a potion of poison.
That liquid tasted very nasty...
You are more poisoned.
* * * LOW HITPOINT WARNING * * *
You feel sick. The adder bites you.
You die...

....##........
.#..#######.## ....#
####.# ### ....# #.....
..# ....# #.##.# #.#
..#.# #.##.# #.# ....#
#.##.# #.# .. .#).#
#.##.# #)# .... .#..#
#.##.####@#......
.##.####.##......S......#
.##>##..................
..........#.............
###.##....#.............
#.##....'............
#.##....#.........##
#.##....#.....?...#
#.###...##########


You could see an adder.

Vanquished Creatures
  2 adders (D:2)
  A worm (D:2)
  12 hobgoblins
  3 kobolds (D:2)
  12 bats
  3 giant newts
  10 goblins
  8 jackals (D:1)
  4 rats
55 creatures vanquished.

Notes
Turn   | Place    | Note
--------------------------------------------------------------
     0 | D:1      | HungrySameoo, the Octopode Air Elementalist, began the quest for the Orb.
     0 | D:1      | Reached XP level 1. HP: 11/11 MP: 3/3
   394 | D:1      | Reached XP level 2. HP: 13/17 MP: 0/4
   953 | D:1      | Reached XP level 3. HP: 16/21 MP: 1/6
  2016 | D:2      | Learned a level 2 spell: Repel Missiles
  2019 | D:2      | Learned a level 2 spell: Swiftness
  2122 | D:2      | Reached XP level 4. HP: 25/27 MP: 4/8
  2166 | D:2      | Noticed Robin
  2521 | D:2      | HP: 1/27 [poison (a potion of poison)]
  2521 | D:2      | Slain by an adder

Action                   |  1- 3 |  4- 6 || total
-------------------------+-------+-------++-------
Melee: Unarmed           |    10 |       ||    10
       Club              |    54 |    12 ||    66
Throw: Javelin           |     5 |     4 ||     9
 Cast: Shock             |    36 |    23 ||    59
  Use: Potion            |       |     2 ||     2
 Stab: Sleeping          |     5 |     1 ||     6
  Eat: Chunk             |     4 |     1 ||     5
